 Dungeon Crawl Stone Soup version 0.30-a0-719-gcc4359ea44 (webtiles) character file.

Game seed: 10825397951267664547

291 sircluck the Chopper (level 6, -7/53 HPs)
             Began as a Hill Orc Fighter on Jan 26, 2023.
             Mangled by a two-headed ogre
             ... wielding a +0 giant club
              (15 damage)
             ... on level 8 of the Dungeon.
             The game lasted 00:20:41 (5013 turns).

sircluck the Chopper (Hill Orc Fighter)             Turns: 5013, Time: 00:20:42

Health: -7/53      AC: 17    Str: 21    XL:     6   Next: 32%
Magic:  6/6        EV:  4    Int:  8    God:
Gold:   308        SH:  8    Dex: 10    Spells: 5/5 levels left

rFire   . . .      SeeInvis .    a - +0 war axe
rCold   . . .      Faith    .    j - +0 kite shield
rNeg    . . .      Spirit   .    x - +1 plate armour
rPois   .          Reflect  .    F - +0 helmet
rElec   .          Harm     .    (no cloak)
rCorr   .          Rampage  .    o - +2 pair of gloves
Will    .....                    (no boots) Stlth
                                 (no amulet)
HPRegen 0.28/turn                (no ring)
MPRegen 0.10/turn                (no ring)

@: no status effects
A: no striking features
a: no special abilities


You were on level 8 of the Dungeon.
You visited 1 branch of the dungeon, and saw 6 of its levels.

You collected 308 gold pieces.

Inventory:

Hand Weapons
 a - a +0 war axe (weapon)
 t - a +1 spear of freezing
 A - a +2 morningstar of protection
 I - a +0 halberd
 K - a +3 dagger
Missiles
 i - 22 stones (quivered)
 m - 3 javelins
 r - 11 poisoned darts
 B - 2 silver boomerangs
Armour
 b - a +0 scale mail
 c - a +0 buckler
 j - a +0 kite shield (worn)
 o - a +2 pair of gloves (worn)
 x - a +1 plate armour (worn)
 F - a +0 helmet (worn)
Jewellery
 s - a +6 ring of dexterity
Wands
 G - a wand of roots (2)
Scrolls
 k - 3 scrolls of teleportation {unknown}
 u - a scroll of immolation
 v - a scroll of noise {unknown}
 C - 2 scrolls of identify {unknown}
 E - a scroll of acquirement {unknown}
 H - 2 scrolls of enchant weapon {unknown}
Potions
 d - a potion of might
 e - 3 potions of haste {unknown}
 f - 4 potions of curing {unknown}
 g - a potion of magic {unknown}
 h - 2 potions of heal wounds {unknown}
 l - a potion of ambrosia {unknown}
 n - 3 potions of flight {unknown}
 p - a potion of resistance {unknown}
 z - a potion of brilliance {unknown}
 D - a potion of cancellation {unknown}
 J - a potion of attraction {unknown}


   Skills:
 + Level 4.5 Fighting
 + Level 5.9 Axes
 + Level 4.6 Armour
 + Level 0.3 Dodging
 + Level 0.1 Stealth
 + Level 4.3 Shields


You had 5 spell levels left.
You didn't know any spells.
Your spell library contained the following spells:

 Spells                   Type           Power      Damage    Failure   Level
 Magic Dart               Conj           0%         1d3       100%        1
 Call Imp                 Summ           0%         N/A       100%        2
 Mephitic Cloud           Conj/Pois/Air  0%         N/A       100%        3


Dungeon Overview and Level Annotations

Branches:
Dungeon (5/15)
 Temple: D:4-7

Altars:
Sif Muna

Shops:
D:3 !


Message History

You now have 296 gold pieces (gained 13).
You now have 308 gold pieces (gained 12).
Found a stone staircase leading up.
A sourceless malevolence fills the Dungeon...
You fall into a shaft and drop 3 floors!
The shaft crumbles and collapses.
Found a shimmering blue altar of Sif Muna.
There is a shimmering blue altar of Sif Muna here.
You kneel at the altar of Sif Muna.
Found a war axe.
Found a stone staircase leading down.
Found a stone staircase leading down.
You see here a +0 war axe.
A two-headed ogre comes into view. It is wielding two +0 giant clubs.
The two-headed ogre shouts in stereo!
There is a stone staircase leading down here.
You block the two-headed ogre's attack.
The two-headed ogre hits you with a +0 giant club.
You barely miss the two-headed ogre.
You hit the two-headed ogre but do no damage.
The two-headed ogre hits you with a +0 giant club!
The two-headed ogre hits you with a +0 giant club.
You hit the two-headed ogre but do no damage.
The two-headed ogre barely misses you.
The two-headed ogre hits you with a +0 giant club!
You hit the two-headed ogre.
The two-headed ogre is lightly wounded.
The two-headed ogre hits you but does no damage.
You block the two-headed ogre's attack.
You barely miss the two-headed ogre.
The two-headed ogre is lightly wounded.
The two-headed ogre hits you with a +0 giant club. x2
* * * LOW HITPOINT WARNING * * *
You barely miss the two-headed ogre.
The two-headed ogre hits you with a +0 giant club!
* * * LOW HITPOINT WARNING * * *
The two-headed ogre hits you but does no damage.
You hit the two-headed ogre but do no damage.
The two-headed ogre hits you with a +0 giant club!
You die...

#..........
#....>##...
#.....##...
#..........
##.....##...
#......# ##
##..>..#
#......#
#...@..#
##..O..#
#.........
#...........
#...........
############


You could see a two-headed ogre.

Vanquished Creatures
  An ice beast (D:5)
  A hound (D:5)
  An orc wizard (D:4)
  2 adders
  4 gnolls (D:4)
  A shadow imp (D:5)
  2 worms
  A dart slug (D:1)
  6 orcs
  4 ball pythons
  3 endoplasms
  6 giant cockroaches
  2 goblins (D:2)
  3 hobgoblins
  3 jackals (D:2)
  6 quokkas
  5 bats
  3 frilled lizards
  4 kobolds
  10 rats
68 creatures vanquished.

Vanquished Creatures (others)
  2 fungi (D:1)
2 creatures vanquished.

Grand Total: 70 creatures vanquished

Notes
Turn   | Place    | Note
-------+----------+-------------------------------------------
     0 | D:1      | sircluck the Hill Orc Fighter began the quest for the Orb.
     0 | D:1      | Reached XP level 1. HP: 19/19 MP: 1/1
    96 | D:1      | Reached XP level 2. HP: 24/27 MP: 2/2
   255 | D:1      | Reached skill level 3 in Axes
   486 | D:1      | Reached XP level 3. HP: 27/33 MP: 3/3
  2364 | D:3      | Reached skill level 4 in Axes
  2364 | D:3      | Reached XP level 4. HP: 40/40 MP: 4/4
  3549 | D:3      | Found Difeuzy's Distillery.
  4357 | D:4      | Reached XP level 5. HP: 31/46 MP: 5/5
  4667 | D:5      | Entered Level 5 of the Dungeon
  4706 | D:5      | Noticed an ice beast
  4726 | D:5      | Killed an ice beast
  4727 | D:5      | Reached skill level 5 in Axes
  4727 | D:5      | Reached XP level 6. HP: 13/53 MP: 6/6
  4967 | D:5      | You fall into a shaft and drop 3 floors!
  4967 | D:8      | Found a shimmering blue altar of Sif Muna.
  5003 | D:8      | Noticed a two-headed ogre
  5013 | D:8      | Mangled by a two-headed ogre

Illustrated notes

Levels and vault maps discovered:
D:1:      dpeg_arrival_prison, layout_rooms
D:2:      layout_basic, serial_park_tiny_pond
D:3:      layout_basic, serial_shops, shop, minivault_5, kennysheep_potato
D:4:      layout_gridville
D:5:      layout_loops_cross, grunt_temple_overflow_open,
          kennysheep_small_square
D:8:      layout_gridville, nicolae_sif_muna_condensation

Skill      XL: |  1  2  3  4  5 |
---------------+----------------+-----
Axes           | 3 4 5 |  5.9
Fighting       | 4 |  4.5
Armour         | 4 |  4.6
Shields        | 4 |  4.3
Dodging        | |  0.3
Stealth        | |  0.1

Action                     |  1- 3 |  4- 6 || total
---------------------------+-------+-------++-------
  Melee: War axe           |   135 |    69 ||   204
    Use: Scroll            |       |     4 ||     4
 Armour: Scale mail        |    65 |       ||    65
         Plate armour      |       |    61 ||    61
  Dodge: Dodged            |    81 |    18 ||    99
  Block: Buckler           |    19 |       ||    19
         Kite shield       |    32 |    46 ||    78

Table legend: (Time is in decaauts)
 A = Elapsed time spent in this place.
 B = Non-inter-level travel time spent in this place.
 C = Inter-level travel time spent in this place.
 D = Time resting spent in this place.
 E = Time spent auto-exploring this place.
 F = Levels seen in this place.
 G = Mean time per level.
                   A        B        C        D        E       F      G
               +--------+--------+--------+--------+--------+-----+--------+
         Total |   5102 |   4469 |    633 |      0 |    440 |   6 |  850.3 |
       Dungeon |   5102 |   4469 |    633 |      0 |    440 |   6 |  850.3 |
               +--------+--------+--------+--------+--------+-----+--------+

Top non-repeatable levels by time:
     D:3: 1735 daAuts
     D:2: 1450 daAuts
     D:4: 807 daAuts
     D:1: 758 daAuts
     D:5: 302 daAuts
     D:8: 47 daAuts
